 Dungeon Crawl Stone Soup version 0.28-a0-863-g8cecda6153 (webtiles) character file.

Game seed: 16088946417937727228

1 ytrimaz the Skirmisher (level 1, 18/18 HPs)
             Began as a Demonspawn Abyssal Knight on Nov 17, 2021.
             Was an Initiate of Lugonu.
             Quit the game on level 1 of the Dungeon.
             The game lasted 00:00:42 (544 turns).

ytrimaz the Skirmisher (Demonspawn Abyssal Knight)   Turns: 544, Time: 00:00:43

Health: 18/18      AC:  3    Str: 13    XL:     1   Next: 16%
Magic:  2/2        EV: 11    Int: 11    God:    Lugonu [......]
Gold:   34         SH:  0    Dex: 13    Spells: 0/0 levels left

rFire   . . .      SeeInvis .   a - +1 falchion
rCold   . . .      Faith    .   (no shield)
rNeg    . . .      Spirit   .   b - +0 leather armour
rPois   .          Reflect  .   (no helmet)
rElec   .          Harm     .   (no cloak)
rCorr   .          Rampage  .   (no gloves)
Will    .....                   (no boots)
Stlth   +.........              (no amulet)
HPRegen 0.06/turn               (no ring)
MPRegen 0.08/turn               (no ring)

@: no status effects
A: no striking features
a: Renounce Religion


You were on level 1 of the Dungeon.
You worshipped Lugonu.
Lugonu was noncommittal.
You visited 1 branch of the dungeon, and saw 1 of its levels.
You visited the Abyss 1 time.

You collected 34 gold pieces.

Inventory:

Hand Weapons
 a - a +1 falchion (weapon)
Armour
 b - a +0 leather armour (worn)
Wands
 c - a wand of flame (14)


   Skills:
 + Level 3.0 Fighting
 + Level 1.8 Long Blades
 + Level 1.7 Armour
 - Level 0.8 Dodging
 + Level 2.4 Invocations


You couldn't memorise any spells.
You didn't know any spells.
Your spell library was empty.

Dungeon Overview and Level Annotations

Branches:
Dungeon (1/15)

Altars:


Message History

Unknown command.
You start resting.
Magic restored.
You start resting.
HP restored.
You enter the shallow water.
Moving in this stuff is going to be slow.
Found a barding.
An endoplasm comes into view.
The endoplasm quivers.
The endoplasm moves out of view.
You see here a +0 barding.
An endoplasm is nearby!
An endoplasm is nearby!
You hit the endoplasm.
The endoplasm is moderately wounded.
The endoplasm hits you but does no damage.
You barely miss the endoplasm.
The endoplasm is moderately wounded.
The endoplasm hits you but does no damage.
The endoplasm freezes you.
You are frozen.
You completely miss the endoplasm.
The endoplasm is moderately wounded.
The endoplasm freezes you.
You are frozen.
You hit the endoplasm.
The endoplasm is severely wounded.
The endoplasm closely misses you.
You hit the endoplasm.
You kill the endoplasm!
Lugonu accepts your kill.
Found an escape hatch in the floor.
You now have 34 gold pieces (gained 7).
A kobold comes into view. It is wielding a +0 dagger.
A kobold is nearby!
A kobold is nearby!
Search for what [? for help]?
Okay, then.
Are you sure you want to abandon this character and quit the game? (Confirm with "yes".)

.##### #......# ......
#......####
......#####.##.# ....
.............#.##>...
........##.#.........
#########.##.#........ .
..........##.#..........
######....##.#.#.##.K...
................@.......
######.....#.#.#.##.$...
.............#.#.# ....
#####.##.....#.#.. . .
##.##.....#.#...
##..##.#####.#.... #
#.[###.# #.#..... ###.##
..#.###.. .##.## ###


You could see a kobold.

Vanquished Creatures
  An endoplasm (D:1)
1 creature vanquished.

Notes
Turn   | Place    | Note
-------+----------+-------------------------------------------
     0 | Abyss:1  | ytrimaz the Demonspawn Abyssal Knight began the quest for
                  | the Orb.
     0 | Abyss:1  | Reached XP level 1. HP: 18/18 MP: 2/2
    47 | Abyss:1  | Noticed a green death
    54 | Abyss:2  | Found a corrupted altar of Lugonu.
    77 | Abyss:2  | Noticed a wretched star
   131 | Abyss:2  | Noticed a thrashing horror
   137 | D:1      | Escaped the Abyss
   544 | D:1      | Quit the game

Illustrated notes

Levels and vault maps discovered:
D:1:      lemuel_arrival_muddy, layout_basic

Action                   || total
-------------------------++-------
Melee: Falchion          ||     5
Invok: Depart the Abyss  ||     1
Armor: Leather armour    ||     2
Dodge: Dodged            ||     1

Table legend: (Time is in decaauts)
 A = Elapsed time spent in this place.
 B = Non-inter-level travel time spent in this place.
 C = Inter-level travel time spent in this place.
 D = Time resting spent in this place.
 E = Time spent auto-exploring this place.
 F = Levels seen in this place.
 G = Mean time per level.
                   A        B        C        D        E       F      G
               +--------+--------+--------+--------+--------+-----+--------+
         Total |    545 |    545 |      0 |    213 |    276 |   3 |  181.7 |
       Dungeon |    408 |    408 |      0 |    213 |    180 |   1 |  408.0 |
         Abyss |    136 |    136 |      0 |      0 |     96 |   2 |   68.0 |
               +--------+--------+--------+--------+--------+-----+--------+

Top non-repeatable levels by time:
     D:1: 408 daAuts
 Abyss:2: 82 daAuts
 Abyss:1: 54 daAuts
